 Dungeon Crawl Stone Soup version 0.29-a0-275-g389c0b56f3 (webtiles) character file.

Game seed: 15452515343591428981

151 Anunax the Stinger (level 5, -2/37 HPs)
             Began as a Demonspawn Venom Mage on Mar 10, 2022.
             Killed from afar by MrShunz's ghost (7 damage)
             ... with a magic dart
             ... on level 3 of the Dungeon.
             The game lasted 00:12:33 (3531 turns).

Anunax the Stinger (Demonspawn Venom Mage)          Turns: 3531, Time: 00:12:33

Health: -2/37      AC:  2    Str:  9    XL:     5   Next: 11%
Magic:  9/9        EV: 12    Int: 18    God:
Gold:   172        SH:  0    Dex: 13    Spells: 6/10 levels left

rFire   . . .      SeeInvis .   o - staff of poison
rCold   . . .      Faith    .   (no shield)
rNeg    . . .      Spirit   .   a - +0 robe
rPois   +          Reflect  .   (no helmet)
rElec   .          Harm     .   h - scarf {repulsion}
rCorr   .          Rampage  .   (no gloves)
Will    .....                   (no boots)
Stlth   ++........              (no amulet)
HPRegen 0.12/turn               (no ring)
MPRegen 0.22/turn               (no ring)

@: repel missiles
A: hooves 1, demonic guardian 1, magic regeneration
a: no special abilities


You were on level 3 of the Dungeon.
You visited 1 branch of the dungeon, and saw 3 of its levels.

You collected 172 gold pieces.

Inventory:

Armour
 a - a +0 robe (worn)
 h - a scarf of repulsion (worn)
Magical Staves
 o - a staff of poison (weapon)
Jewellery
 d - a +4 ring of evasion
 p - a ring of protection from fire
Wands
 u - a wand of mindburst (10)
Scrolls
 f - a scroll of holy word {unknown}
 g - a scroll of identify {unknown}
 i - 3 scrolls of teleportation {unknown}
 j - 2 scrolls of vulnerability {unknown}
 k - 2 scrolls of immolation {unknown}
 l - a scroll of amnesia {unknown}
 n - 2 scrolls of brand weapon {unknown}
 q - a scroll of silence {unknown}
Potions
 b - 2 potions of magic
 c - a potion of lignification {unknown}
 e - a potion of attraction {unknown}
 s - a potion of mutation {unknown}
 t - a potion of resistance {unknown}


   Skills:
 + Level 1.1 Fighting
 + Level 1.9 Dodging
 + Level 2.2 Stealth
 + Level 3.3 Spellcasting
 + Level 2.0 Transmutations
 + Level 4.0 Poison Magic


You had 6 spell levels left.
You knew the following spells:

 Your Spells              Type           Power      Damage    Failure   Level
a - Sting                 Tmut/Pois      80%        1d7       4%          1
b - Mephitic Cloud        Conj/Pois/Air  11%        N/A       28%         3

Your spell library contained the following spells:

 Spells                   Type           Power      Damage    Failure   Level
 Poisonous Vapours        Pois/Air       30%        N/A       11%         2
 Olgreb's Toxic Radiance  Pois           26%        N/A       30%         4


Dungeon Overview and Level Annotations

Branches:
Dungeon (3/15)

Altars:
Makhleb
Xom
Zin

Annotations:
D:3 MrShunz's ghost, amateur DECj


Innate Abilities, Weirdness & Mutations

You have large cloven feet.
A weak demonic guardian rushes to your aid.
You regenerate magic rapidly.


Message History

Confirm with . or Enter, or press ? or * to list all spells.
You can't see any susceptible monsters within range! (Use Z to cast anyway.) Unknown command.
Casting: Sting (safe; 4% risk of failure)
Confirm with . or Enter, or press ? or * to list all spells.
Aiming: Sting (safe; 4% risk of failure)
Press: ? - help, Shift-Dir - straight line, f - MrShunz's ghost
Aim: MrShunz's ghost (70% to hit)
You feel a surge of power!
The sting hits MrShunz's ghost.
MrShunz's ghost partially resists.
MrShunz's ghost is lightly damaged.
You hit MrShunz's ghost. Your kick misses MrShunz's ghost.
You punch MrShunz's ghost.
MrShunz's ghost is lightly damaged.
MrShunz's ghost points at you and mumbles some strange words.
The magic dart hits you!
You hit MrShunz's ghost but do no damage.
Your kick misses MrShunz's ghost.
MrShunz's ghost is lightly damaged.
MrShunz's ghost closely misses you.
You hit MrShunz's ghost but do no damage.
You kick MrShunz's ghost, but do no damage.
MrShunz's ghost is lightly damaged.
MrShunz's ghost casts a spell at you. The magic dart hits you!
You hit MrShunz's ghost but do no damage.
Your kick misses MrShunz's ghost.
MrShunz's ghost is lightly damaged.
MrShunz's ghost casts a spell at you. The magic dart hits you!
MrShunz's ghost hits you.
* * * LOW HITPOINT WARNING * * *
MrShunz's ghost gestures at you while chanting.
The magic dart hits you!
* * * LOW HITPOINT WARNING * * *
A demonic guardian appears!
Your shadow imp hits MrShunz's ghost but does no damage.
Your shadow imp hits MrShunz's ghost but does no damage.
MrShunz's ghost casts a spell at you. The magic dart hits you!
You die...

#....#####.#...........#
#....# #.#..###.######
#.(.>#####.#..##.....#
#.>............#..##.#
##########.##.##..##.#
## #####........##.# .#
#........###.##.# .#
#........###.##.## .#
#......5W..@.....#
.#####.......####.##..#
.......###.#..W.......#
.......# #.#......###.#
.......# #.#.###### #.#
.......###.#......###.#
...........#........#.#
........####.####.#.#.#
........# #.####...#.#


You could see MrShunz's ghost (ally target) and a friendly shadow imp
(summoned).

Vanquished Creatures
  2 adders
  A gnoll (D:1)
  An ufetubus (D:3)
  A worm (D:2)
  A dart slug (D:2)
  2 orcs (D:3)
  4 ball pythons
  5 bats
  5 endoplasms
  3 giant cockroaches (D:1)
  2 goblins
  3 hobgoblins (D:1)
  4 kobolds
  3 quokkas
  6 frilled lizards
  7 rats
50 creatures vanquished.

Vanquished Creatures (collateral kills)
  A necrophage (D:3)
1 creature vanquished.

Grand Total: 51 creatures vanquished

Notes
Turn   | Place    | Note
-------+----------+-------------------------------------------
     0 | D:1      | Anunax the Demonspawn Venom Mage began the quest for the
                  | Orb.
     0 | D:1      | Reached XP level 1. HP: 13/13 MP: 3/3
   274 | D:1      | Reached skill level 1 in Transmutations
   380 | D:1      | Gained mutation: You regenerate magic rapidly. [demonic
                  | ancestry]
   380 | D:1      | Reached XP level 2. HP: 7/19 MP: 1/5
   695 | D:1      | Found a faded altar of an unknown god.
  1083 | D:1      | Gained mutation: A weak demonic guardian rushes to your
                  | aid. [demonic ancestry]
  1083 | D:1      | Reached XP level 3. HP: 23/25 MP: 3/6
  1848 | D:2      | Reached skill level 1 in Fighting
  2001 | D:3      | Noticed a necrophage
  2021 | D:3      | Killed a necrophage
  2022 | D:3      | Reached XP level 4. HP: 6/32 MP: 3/8
  2356 | D:3      | Learned a level 3 spell: Mephitic Cloud
  2493 | D:3      | Found a runed translucent gate.
  2495 | D:3      | Found a runed translucent gate.
  2496 | D:3      | Found a runed translucent gate.
  2498 | D:3      | Noticed MrShunz's ghost (amateur DECj)
  2925 | D:3      | Found a stormy altar of Qazlal.
  2927 | D:3      | Found an ornate altar of the Wu Jian Council.
  2927 | D:3      | Found a snail-covered altar of Cheibriados.
  2929 | D:3      | Found a shimmering altar of Xom.
  2929 | D:3      | Found a burning altar of Makhleb.
  2929 | D:3      | Found a shimmering altar of Xom.
  2936 | D:3      | Gained mutation: You have large cloven feet. [demonic
                  | ancestry]
  2936 | D:3      | Reached XP level 5. HP: 31/37 MP: 6/9
  3180 | D:3      | Reached skill level 4 in Poison Magic
  3531 | D:3      | Killed from afar by MrShunz's ghost

Illustrated notes

Levels and vault maps discovered:
D:1:      dpeg_arrival_simpleton_a, layout_loops_ring,
          ebering_ecumenical_altar_rust
D:2:      layout_rooms, minmay_distorted
D:3:      layout_basic, doesnt_xom_only_xom, zin_academy, gammafunk_ghost_split,
          hangedman_decor_peaks_small, kennysheep_pointless_box,
          mrwooster_statue_mirror

Skill      XL: |  1  2  3  4  5 |
---------------+----------------+-----
Stealth        | 2 |  2.2
Transmutations | 1 2 |  2.0
Fighting       | 1 |  1.1
Spellcasting   | 3 |  3.3
Poison Magic   | 4 |  4.0
Dodging        | |  1.9

Action                   |  1- 3 |  4- 6 || total
-------------------------+-------+-------++-------
Melee: Unarmed           |     3 |       ||     3
       Staff             |     9 |     6 ||    15
       Kick              |       |     1 ||     1
       Punch             |       |     1 ||     1
 Cast: Sting             |    79 |    33 ||   112
  Use: Potion            |       |     2 ||     2
Armor: Robe              |     9 |     5 ||    14
Dodge: Dodged            |    43 |    17 ||    60

Table legend: (Time is in decaauts)
 A = Elapsed time spent in this place.
 B = Non-inter-level travel time spent in this place.
 C = Inter-level travel time spent in this place.
 D = Time resting spent in this place.
 E = Time spent auto-exploring this place.
 F = Levels seen in this place.
 G = Mean time per level.
                   A        B        C        D        E       F      G
               +--------+--------+--------+--------+--------+-----+--------+
         Total |   3533 |   3401 |    132 |    790 |   2028 |   3 | 1177.7 |
       Dungeon |   3533 |   3401 |    132 |    790 |   2028 |   3 | 1177.7 |
               +--------+--------+--------+--------+--------+-----+--------+

Top non-repeatable levels by time:
     D:3: 1541 daAuts
     D:1: 1412 daAuts
     D:2: 579 daAuts
